AoeStats
← 落花之情

Arena

505936103Analyzed
4v4 RM · 19d ago on Sep 11, 2026· 36m 53s· 8 players
Game mode
Random Map
Map size
Large (8 player)
Population
200
Speed
Normal
Resources
Standard
Victory
Conquest
Starting age
Dark Age
Ending age
Imperial Age
RankedLock teamsTeams togetherTeam positionsShared explorationLock speedFull tech treeHidden civsTurbo modeCheats
Victory
Defeat
🇨🇳 Jurchens · China
1626
+13
🇹🇷 Saracens · Türkiye
1614
+14
🇲🇽 Teutons · Mexico
1588
+15
🇧🇷 Burmese · Brazil
1573
+15
🇩🇪 Bohemians · Germany
1655
-18
🇺🇸 Teutons · United States
1567
-14
1555
-14
🇦🇹 Spanish · Austria
1473
-11
Ux'Santo Enmascarado
5:33 Loom
5:57 Loom
8:36 Feudal Age
10:17 Fletching
15:00 Horse Collar
18:49 Wheelbarrow
23:46 Castle Age
22:19 Double-Bit Axe
24:26 Bodkin Arrow
24:50 Bow Saw
24:49 Guard Tower
30:51 Hand Cart
32:22 Ballistics
33:06 Stone Mining
33:43 Town Watch
38:08 Imperial Age
36:33 Masonry
36:24 Scale Mail Armor
36:24 Gold Mining
36:15 Pikeman
36:56 Squires
GAX | Urubu
10:35 Feudal Age
11:34 Loom
14:31 Castle Age
13:41 Horse Collar
17:14 Bloodlines
21:20 Wheelbarrow
21:05 Heavy Plow
21:33 Town Watch
22:52 Gold Mining
24:41 Gold Shaft Mining
27:49 Imperial Age
25:07 Man-at-Arms
25:54 Scale Mail Armor
25:48 Gambesons
25:50 Long Swordsman
26:50 Squires
26:41 Pikeman
28:08 Chain Mail Armor
28:02 Capped Ram
28:06 Two-Handed Swordsman
29:32 Plate Mail Armor
29:45 Forging
30:47 Chemistry
30:25 Pikeman
31:57 Padded Archer Armor
31:48 Fletching
32:03 Halberdier
32:08 Elite Skirmisher
33:21 Ballistics
34:02 Bodkin Arrow
34:23 Champion
Ainz_Own_Goal
10:29 Feudal Age
15:15 Castle Age
14:34 Double-Bit Axe
15:15 Bloodlines
15:22 Scale Barding Armor
18:52 Chain Barding Armor
21:21 Bow Saw
21:52 Horse Collar
22:46 Husbandry
24:34 Forging
27:21 Heavy Plow
28:01 Wheelbarrow
27:12 Loom
36:49 Imperial Age
36:10 Gold Mining
36:11 Stone Mining
36:53 Heavy Camel Rider
落花之情
10:27 Feudal Age
14:13 Castle Age
12:18 Double-Bit Axe
12:43 Horse Collar
15:44 Bow Saw
19:00 Loom
21:23 Wheelbarrow
22:00 Heavy Plow
23:31 Hand Cart
23:35 Town Watch
23:43 Gold Mining
25:20 Gold Shaft Mining
24:47 Stone Mining
26:08 Stone Shaft Mining
25:48 Treadmill Crane
25:58 Loom
29:14 Imperial Age
27:10 Scale Barding Armor
27:09 Loom
28:11 Chain Barding Armor
28:02 Forging
29:09 Husbandry
29:19 Bloodlines
29:24 Elite Steppe Lancer
30:40 Plate Barding Armor
30:28 Conscription
31:53 Two-Man Saw
31:53 Iron Casting
33:36 Blast Furnace
36:53 Fletching
Eagle
11:08 Feudal Age
11:13 Feudal Age
15:07 Castle Age
13:28 Double-Bit Axe
13:29 Horse Collar
16:29 Bow Saw
20:38 Wheelbarrow
23:11 Hand Cart
24:53 Heavy Plow
24:54 Town Watch
25:09 Gold Mining
25:10 Stone Mining
28:19 Imperial Age
25:35 Loom
26:01 Scale Barding Armor
26:11 Forging
27:08 Stone Shaft Mining
27:09 Chain Barding Armor
28:12 Iron Casting
28:28 Bloodlines
28:28 Cavalier
30:13 Plate Barding Armor
31:00 Blast Furnace
33:19 Two-Man Saw
32:50 Crop Rotation
32:12 Fletching
32:31 Paladin
34:26 Bodkin Arrow
[PeP] f_s0ciety
10:47 Feudal Age
15:11 Castle Age
13:40 Double-Bit Axe
14:40 Stone Mining
16:16 Padded Archer Armor
16:13 Fletching
18:26 Loom
23:43 Padded Archer Armor
28:48 Wheelbarrow
32:49 Imperial Age
31:01 Bloodlines
36:56 Leather Archer Armor
Mjoelnir
9:47 Feudal Age
13:30 Castle Age
11:47 Horse Collar
12:39 Double-Bit Axe
16:09 Fervor
20:49 Loom
21:46 Wheelbarrow
24:09 Hand Cart
24:06 Bow Saw
24:09 Heavy Plow
25:50 Loom
28:51 Imperial Age
26:31 Scale Mail Armor
25:52 Pikeman
27:28 Ballistics
28:11 Chemistry
28:06 Squires
28:22 Chain Mail Armor
29:23 Padded Archer Armor
29:20 Halberdier
33:24 Leather Archer Armor
33:40 Plate Mail Armor
33:22 Forging
33:37 Arson
34:44 Ring Archer Armor
33:59 Houfnice
DinoNuggetConnoisseur
9:24 Feudal Age
7:40 Loom
12:09 Double-Bit Axe
12:06 Horse Collar
14:46 Fletching
28:39 Castle Age
27:26 Stone Mining
27:45 Gold Mining
30:33 Wheelbarrow
31:26 Bodkin Arrow
Connection lost

Rejoining the realm…

Still unreachable

The connection could not be restored.

Session expired

The server has moved on; the page needs a fresh start.